 Dungeon Crawl Stone Soup version 0.26.1-11-gd32895ea62 (webtiles) character file.

Game seed: 2790587325497823877

21 Zeld the Grasshopper (level 2, 0/19 HPs)
             Began as an Octopode Warper on May 19, 2021.
             Slain by a frilled lizard (1 damage)
             ... on level 1 of the Dungeon.
             The game lasted 00:00:39 (821 turns).

Zeld the Grasshopper (Octopode Warper)               Turns: 821, Time: 00:00:40

Health: 0/19       AC:  1    Str: 10    XL:     2   Next: 87%
Magic:  5/5        EV: 13    Int: 15    God:
Gold:   32         SH:  0    Dex: 11    Spells: 4/6 levels left

rFire    . . .     SeeInvis .   a - +0 falchion
rCold    . . .     Faith    .   (no shield)
rNeg     . . .     Spirit   .   (helmet restricted)
rPois    .         Reflect  .   (no amulet)
rElec    .         Harm     .   (no ring)
rCorr    .         Rampage  .   (no ring)
Will     .....                  (no ring)
Stlth    ++........             (no ring)
HPRegen  0.06/turn              (no ring)
MPRegen  0.09/turn              (no ring)
                                (no ring)
                                (no ring)

@: no status effects
A: almost no armour, stealthy swim, amphibious, 8 rings, constrict 8, camouflage
1, gelatinous body 1
a: no special abilities


You were on level 1 of the Dungeon.
You visited 1 branch of the dungeon, and saw 1 of its levels.

You collected 32 gold pieces.

Inventory:

Hand Weapons
 a - a +0 falchion (weapon)
Missiles
 d - 5 boomerangs of dispersal (quivered)
Jewellery
 f - an uncursed ring of ice {unknown}
Scrolls
 c - a scroll of blinking
 g - a scroll of noise {unknown}
Potions
 b - a potion of heal wounds {unknown}
 e - a potion of mutation {unknown}


   Skills:
 - Level 2.0 Fighting
 * Level 2.7 Long Blades
 - Level 1.0 Throwing
 - Level 2.3 Dodging
 * Level 2.6 Spellcasting
 - Level 3.0 Translocations


You had 4 spell levels left.
You knew the following spells:

 Your Spells              Type           Power        Failure   Level
a - Blink                 Tloc           N/A          10%         2

Your spell library contained the following spells:

 Spells                   Type           Power        Failure   Level
 Gell's Gravitas          Tloc           5%           19%         3
 Lesser Beckoning         Tloc           5%           19%         3
 Teleport Other           Tloc           10%          19%         3
 Passage of Golubria      Tloc           N/A          52%         4


Dungeon Overview and Level Annotations

Branches:
Dungeon (1/15)

Altars:


Innate Abilities, Weirdness & Mutations

You cannot wear most types of armour.
You are very stealthy in the water. (Stealth+)
You are amphibious.
You can wear up to eight rings at the same time.
You can use your tentacles to constrict eight enemies at once.
Your skin changes colour to match your surroundings (Stealth+).
Your rubbery body absorbs attacks. (AC +1, EV +1)


Message History

You miss the frilled lizard. Your grab misses the frilled lizard.
The frilled lizard bites you.
You are too injured to fight recklessly!
You are too injured to fight recklessly!
You are too injured to fight recklessly!
A hobgoblin comes into view. It is wielding a +0 club.
The hobgoblin hits you.
* * * LOW HITPOINT WARNING * * *
You are too injured to fight recklessly!
You are too injured to fight recklessly!
You hit the hobgoblin. Your grab misses the hobgoblin.
The hobgoblin is almost dead.
The frilled lizard bites you.
* * * LOW HITPOINT WARNING * * *
The hobgoblin closely misses you.
You barely miss the hobgoblin. Your grab misses the hobgoblin.
The hobgoblin is almost dead.
The hobgoblin shouts!
The frilled lizard bites you.
You die...

###############
...................
..................
)P..PPP......P..PP #
♣...♣ ♣)..♣ ♣...♣ .#
♣P.P♣ ♣.?P♣ ♣..P♣ ..##
♣...♣♣♣..P♣♣♣..P♣♣♣P....
....PP.P..PP.P.PP.P....g
................@.......
.P.P..PP.P..PP.lPgPP....
♣P..♣♣♣P..♣♣♣...♣♣♣.....
♣...♣ ♣P.P♣ ♣P..♣ ....
♣P..♣♣♣...♣ ♣..P♣ ...
PP...P...PPPP...PP ..
................... #
..........P....P..P
♣P.P♣♣♣P..♣♣♣P..♣♣♣
#.####


You could see 2 hobgoblins and a frilled lizard.

Vanquished Creatures
  A dart slug (D:1)
  A ball python (D:1)
  A goblin (D:1)
  4 hobgoblins (D:1)
  3 kobolds (D:1)
  6 bats (D:1)
  2 rats (D:1)
18 creatures vanquished.

Notes
Turn   | Place    | Note
-------+----------+-------------------------------------------
     0 | D:1      | Zeld the Octopode Warper began the quest for the Orb.
     0 | D:1      | Reached XP level 1. HP: 14/14 MP: 3/3
    77 | D:1      | Reached XP level 2. HP: 13/19 MP: 5/5
   169 | D:1      | Learned a level 2 spell: Blink
   821 | D:1      | Slain by a frilled lizard

Illustrated notes

Levels and vault maps discovered:
D:1:      scummos_arrival_star, layout_rooms, kennysheep_boxes

Action                   || total
-------------------------++-------
Melee: Falchion          ||    36
       Tentacles         ||     7
       Constrict         ||    10
 Stab: Sleeping          ||     1
Armor: Skin              ||     1
Dodge: Dodged            ||    35
       Rpst.: Falchion   ||    11
